 Dungeon Crawl Stone Soup version 0.28-a0-512-g960c72b710 (webtiles) character file.

Game seed: 11663374486550043645

70 tropedat the Chopper (level 4, 0/35 HPs)
             Began as a Human Monk on Sept 22, 2021.
             Slain by a scorpion (5 damage)
             ... on level 2 of the Dungeon.
             The game lasted 00:22:21 (1580 turns).

tropedat the Chopper (Human Monk)                   Turns: 1580, Time: 00:22:22

Health: 0/35       AC:  3    Str: 12    XL:     4   Next: 45%
Magic:  4/4        EV: 17    Int: 11    God:
Gold:   10         SH:  0    Dex: 15    Spells: 3/3 levels left

rFire   + . .      SeeInvis .   j - +0 whip
rCold   . . .      Faith    .   (no shield)
rNeg    . . .      Spirit   .   b - +0 robe
rPois   .          Reflect  .   (no helmet)
rElec   .          Harm     .   (no cloak)
rCorr   .          Rampage  .   (no gloves)
Will    .....                   g - +0 pair of boots
Stlth   ++........              (no amulet)
HPRegen 0.11/turn               d - +4 ring of evasion
MPRegen 0.09/turn               e - ring of protection from fire

@: lethally poisoned (0 -> -3)
A: no striking features
a: no special abilities


You were on level 2 of the Dungeon.
You visited 1 branch of the dungeon, and saw 3 of its levels.

You collected 10 gold pieces.

Inventory:

Hand Weapons
 a - a +0 hand axe
 c - a +0 hand axe
 j - a +0 whip (weapon)
 l - a +0 hunting sling
Missiles
 i - 26 arrows
 k - 5 boomerangs (quivered)
Armour
 b - a +0 robe (worn)
 g - a +0 pair of boots (worn)
Jewellery
 d - a +4 ring of evasion (left hand)
 e - a ring of protection from fire (right hand)


   Skills:
 - Level 3.0 Fighting
 - Level 3.8(4.3) Axes
 + Level 2.6(3.7) Maces & Flails
 - Level 3.0 Dodging
 - Level 2.0 Stealth


You had 3 spell levels left.
You didn't know any spells.
Your spell library was empty.

Dungeon Overview and Level Annotations

Branches:
Dungeon (3/15)

Altars:


Message History

You hit the kobold.
You kill the kobold!
Things that are here:
a +0 short sword; 2 stones You now have 10 gold pieces (gained 6).
A scorpion comes into view.
A scorpion is nearby!
The scorpion misses you. The scorpion closely misses you.
You hit the scorpion but do no damage. The scorpion misses you.
You barely miss the scorpion.
The scorpion stings you but does no damage.
You hit the scorpion but do no damage. The scorpion stings you!
You closely miss the scorpion. The scorpion completely misses you.
You completely miss the scorpion. The scorpion misses you.
You barely miss the scorpion. The scorpion misses you.
You hit the scorpion but do no damage. The scorpion stings you!
You hit the scorpion but do no damage. The scorpion closely misses you.
You barely miss the scorpion. The scorpion barely misses you.
You barely miss the scorpion. The scorpion stings you.
You are poisoned.
The scorpion poisons you!
You feel sick. The scorpion completely misses you.
You feel sick.
You feel sick.
You closely miss the scorpion.
You feel sick. The scorpion stings you.
* * * LOW HITPOINT WARNING * * *
You are lethally poisoned!
The scorpion poisons you!
You feel better. The scorpion completely misses you. The scorpion stings you.
You are poisoned.
The scorpion poisons you!
You feel very sick.
* * * LOW HITPOINT WARNING * * *
You feel very sick.
You feel sick.
* * * LOW HITPOINT WARNING * * *
You feel sick.
You feel sick. The scorpion stings you.
You die...

#.........# ##
###...|.....# .[
............# #######
.. ###.........#
###†>##.# #.
#.........# ...†.##.#
#. #..?......#
###..##.# #.
#!......).# #..##.#
#.########.#####
###..##.# #....@s....#
.....##<# ##.#######.#
###..##.#####.#######.#
........).)...........#
###.....#####)#########
##.#### #.# #.# #.# #.#
#.# #.# #.#


You could see a scorpion.

Vanquished Creatures
  Robin (D:2)
  2 adders (D:2)
  2 endoplasms (D:1)
  7 goblins
  12 hobgoblins
  2 quokkas (D:1)
  5 ball pythons
  2 bats (D:1)
  A frilled lizard (D:1)
  3 kobolds
  4 rats
41 creatures vanquished.

Notes
Turn   | Place    | Note
-------+----------+-------------------------------------------
     0 | D:1      | tropedat the Human Monk began the quest for the Orb.
     0 | D:1      | Reached XP level 1. HP: 18/18 MP: 1/1
   262 | D:1      | Reached XP level 2. HP: 24/24 MP: 2/2
   638 | D:1      | Reached XP level 3. HP: 29/29 MP: 3/3
  1014 | D:2      | Reached skill level 1 in Maces & Flails
  1096 | D:2      | Noticed Robin
  1215 | D:2      | Reached XP level 4. HP: 22/35 MP: 4/4
  1442 | D:2      | Killed Robin
  1554 | D:2      | Noticed a scorpion
  1580 | D:2      | Slain by a scorpion

Illustrated notes

Levels and vault maps discovered:
D:1:      lemuel_arrival_lava_pool, layout_basic
D:2:      minmay_angry_zag, layout_loops_ring,
          hellmonk_ecumenical_altar_blasted, hangedman_decor_lopped,
          uniq_crazy_yiuf_cottage, uniq_robin
D:3:      layout_loops_ring, uniq_natasha, uniq_terence

Skill      XL: |  1  2  3 |
---------------+----------+-----
Maces & Flails | 2 |  2.6
Fighting       | |  3.0
Axes           | |  3.8
Dodging        | |  3.0
Stealth        | |  2.0

Action                   |  1- 3 |  4- 6 || total
-------------------------+-------+-------++-------
Melee: Hand axe          |    51 |       ||    51
       Whip              |    57 |    41 ||    98
  Use: Scroll            |     3 |     1 ||     4
       Potion            |       |     2 ||     2
 Stab: Sleeping          |     3 |     2 ||     5
Armor: Robe              |     8 |     3 ||    11
Dodge: Dodged            |   101 |    25 ||   126

Table legend: (Time is in decaauts)
 A = Elapsed time spent in this place.
 B = Non-inter-level travel time spent in this place.
 C = Inter-level travel time spent in this place.
 D = Time resting spent in this place.
 E = Time spent auto-exploring this place.
 F = Levels seen in this place.
 G = Mean time per level.
                   A        B        C        D        E       F      G
               +--------+--------+--------+--------+--------+-----+--------+
         Total |   1580 |   1569 |     11 |    665 |    444 |   3 |  526.7 |
       Dungeon |   1580 |   1569 |     11 |    665 |    444 |   3 |  526.7 |
               +--------+--------+--------+--------+--------+-----+--------+

Top non-repeatable levels by time:
     D:1: 970 daAuts
     D:2: 607 daAuts
     D:3: 2 daAuts
